 Dungeon Crawl Stone Soup version 0.20-a0-1114-g33edf32 (console) character file.

77 sorlin the Insei (level 4, -2/28 HPs)
             Began as an Octopode Transmuter on May 7, 2017.
             Slain by an orc
             ... wielding a +0 short sword
              (5 damage)
             ... on level 2 of the Dungeon.
             The game lasted 00:07:42 (2665 turns).

sorlin the Insei (Octopode Transmuter)              Turns: 2665, Time: 00:07:42

Health: -2/28      AC:  1    Str:  7 (9)  XL:     4   Next: 33%
Magic:  7/7        EV: 13    Int: 14 (16) God:
Gold:   11         SH:  0    Dex: 11 (12) Spells: 1/7 levels left

rFire    . . .     SeeInvis .     - Unarmed
rCold    . . .     Gourm    .   (no shield)
rNeg     . . .     Faith    .   (helmet restricted)
rPois    .         Spirit   .   (no amulet)
rElec    .         Reflect  .   (no ring)
rCorr    .         Harm     .   (no ring)
MR       .....                  (no ring)
Stlth    ++........             (no ring)
Regen    0.1/turn               (no ring)
MPRegen  0.1/turn               (no ring)
                                (no ring)
                                (no ring)

@: flying
A: almost no armour, stealthy swim, amphibious, 8 rings, constrict 8, camouflage
1, gelatinous body 1
a: no special abilities


You were on level 2 of the Dungeon.
You were not hungry.

You visited 1 branch of the dungeon, and saw 3 of its levels.

You collected 11 gold pieces.


Innate Abilities, Weirdness & Mutations

You cannot wear most types of armour.
You are very stealthy in the water. (Stealth+)
You are amphibious.
You can wear up to eight rings at the same time.
You can use your tentacles to constrict eight enemies at once.
Your skin changes colour to match your surroundings (Stealth+).
Your rubbery body absorbs attacks. (AC +1, EV +1)


   Skills:
 - Level 1.0 Fighting
 - Level 2.0 Dodging
 + Level 4.4 Unarmed Combat
 - Level 2.0 Spellcasting
 + Level 2.8 Transmutations
 - Level 0.8 Poison Magic


You had one spell level left.
You knew the following spells:

 Your Spells              Type           Power        Failure   Level  Hunger
a - Beastly Appendage     Tmut           #.....       8%          1    ##.....
q - Spider Form           Tmut/Pois      #.........   32%         3    ####...
s - Sticks to Snakes      Tmut           #.......     11%         2    ###....

Inventory:

Hand Weapons
 h - a +0 hunting sling
Missiles
 a - 30 arrows
 d - 5 tomahawks (quivered)
 o - 74 stones
Wands
 q - a wand of polymorph (6/24)
Scrolls
 e - 2 scrolls of identify {unknown}
 f - a scroll of magic mapping {unknown}
 k - a scroll of teleportation {unknown}
 m - a scroll of fear {unknown}
 n - 2 scrolls of recharging {unknown}
 p - a scroll of remove curse {unknown}
 t - a scroll of enchant weapon {unknown}
Potions
 j - a potion of agility {unknown}
 r - a potion of might {unknown}
Books
 b - a book of Changes

   Spells                             Type                      Level
   a - Beastly Appendage              Transmutation                1
   b - Sticks to Snakes               Transmutation                2
   c - Spider Form                    Transmutation/Poison         3
   d - Ice Form                       Ice/Transmutation            4
   e - Blade Hands                    Transmutation                5
Comestibles
 c - 2 bread rations {!e}
 l - a meat ration {!e}


Message History

There is a stone staircase leading up, spattered with blood here.
You start resting.
Eating one of 2 chunks of flesh.
You eat one of the 2 chunks of flesh.
HP restored.
d - 4 tomahawks (gained 1)
You see here a hobgoblin corpse.
d - 5 tomahawks (gained 1)
You see here a hobgoblin corpse.
Unknown command.
Unknown command.
There is a stone staircase leading up, spattered with blood here.
You climb upwards.
There is a stone staircase leading down here.
Okay, then.
Done exploring.
There is a stone staircase leading down here.
There is a stone staircase leading down here.
Unknown command.
You climb downwards.
A quokka, 2 orcs, an orc priest and an orc wizard come into view.
The orc shouts!
The orc wizard shouts!
The orc shouts!
You hear a shout!
The orc hits you with a club.
The quokka twitches its whiskers.
The quokka bites you.
Found 14 stones.
A hobgoblin and an orc come into view.
There is a stone staircase leading up here.
You take 10 damage.
The quokka bites you. The orc hits you with a short sword.
* * * LOW HITPOINT WARNING * * *
The orc priest looks satisfied for a moment.
The orc wizard gestures at you while chanting.
The magic dart hits you!
* * * LOW HITPOINT WARNING * * *
The orc misses you.
The orc moves out of view.
The quokka barely misses you.
You climb upwards.
There is a stone staircase leading down here.
You take 14 damage.
Unknown command.
It was a potion of flight.
You feel very buoyant.
You fly up into the air.
The orc barely misses you. The orc wizard barely misses you.
The orc closely misses you. The quokka bites you.
* * * LOW HITPOINT WARNING * * *
You take 1 damage.
It was a potion of degeneration.
There was something very wrong with that liquid.
You feel weakened.
You feel dopey.
You feel clumsy. The orc hits you with a short sword.
You die...

#8..... #.####.......
##.....##.# #####.##
#8...8##.# #.....
##.....##.## #.#.##
#8.....8#..#####.#...
#.....##............
#8.?.8 #..#####.####
##>## #..# #.#
#######..# #.#
##r......# #.####
#o@.##########.##..
#.oo.....<........#
#...##########.####
###.# #.# #.# #.####
#.# #....[ #.# #..###
#.# #..# #.# #..# #.#
#..### #.# #..##.


You could see an orc wizard, 2 orcs and a quokka.

Vanquished Creatures
  A gnoll (D:2)
  An adder (D:2)
  5 worms (D:2)
  A dart slug (D:2)
  2 leopard geckos
  2 giant cockroaches
  3 goblins
  9 hobgoblins
  7 bats
  3 frilled lizards
  3 kobolds
  5 rats
42 creatures vanquished.

Notes
Turn   | Place    | Note
-------+----------+-------------------------------------------
     0 | D:1      | sorlin the Octopode Transmuter began the quest for the Orb.
     0 | D:1      | Reached XP level 1. HP: 13/13 MP: 3/3
   190 | D:1      | Reached XP level 2. HP: 18/18 MP: 5/5
   492 | D:1      | Learned a level 2 spell: Sticks to Snakes
   696 | D:1      | Reached skill level 4 in Unarmed Combat
   956 | D:2      | Reached XP level 3. HP: 13/23 MP: 6/6
  1550 | D:2      | Learned a level 3 spell: Spider Form
  1994 | D:2      | Found an ornate altar of the Wu Jian Council.
  2029 | D:2      | Reached XP level 4. HP: 20/28 MP: 4/7
  2662 | D:3      | HP: 4/28 [orc wizard/magic dart (7)]
  2665 | D:2      | Slain by an orc

Vault maps used:
D:1:      dpeg_arrival_pits
D:2:      nicolae_overflow_hidden_temple, first_bread

Action                   |  1- 3 |  4- 6 || total
-------------------------+-------+-------++-------
Melee: Unarmed           |    87 |    21 ||   108
       Tentacles         |     9 |     4 ||    13
       Constrict         |    17 |     4 ||    21
       Punch             |     1 |       ||     1
       Kick              |     3 |     3 ||     6
Throw: Tomahawk          |    12 |    16 ||    28
       Stone             |       |     1 ||     1
 Cast: Spider Form       |     2 |       ||     2
       Beastly Appendage |     1 |     1 ||     2
  Use: Potion            |       |     2 ||     2
 Stab: Sleeping          |     5 |       ||     5
  Eat: Chunk             |     2 |     4 ||     6
Armor: Skin              |     8 |       ||     8
Dodge: Dodged            |    40 |    10 ||    50
